 Dungeon Sprint DCSS version 0.21.0-24-g2553a33 (webtiles) character file.

864 letownia2 the Grappler (level 7, -17/66 HPs)
             Began as a Troll Wizard on Jan 21, 2018.
             Was an Initiate of Gozag.
             Hit by a large rock thrown by a cyclops (33 damage)
             ... in the Dungeon (Sprint IX: "|||||||||||||||||||||||||||||").
             The game lasted 00:02:41 (281 turns).

letownia2 the Grappler (Troll Wizard)                Turns: 281, Time: 00:02:42

Health: -17/66     AC:  8    Str: 19    XL:     7   Next: 72%
Magic:  1/11       EV: 10    Int: 16    God:    Gozag
Gold:   333        SH:  0    Dex:  8    Spells: 4/13 levels left

rFire    . . .     SeeInvis .     - Unarmed
rCold    . . .     Gourm    +   (no shield)
rNeg     . . .     Faith    .   a - +0 robe
rPois    .         Spirit   .   b - +0 hat
rElec    .         Reflect  .   o - +0 cloak
rCorr    .         Harm     .   (gloves unavailable)
MR       .....     NoTele   +   (boots unavailable)
Stlth    +.........             (no amulet)
HPRegen  0.61/turn              p - +2 ring of protection
MPRegen  0.12/turn              q - +3 ring of strength

@: barbed spikes, gold aura, very slightly contaminated
A: large, unfitting armour, claws 3, fast metabolism 3, gourmand, regeneration
1, shaggy fur 1, tough skin 2
a: Potion Petition, Call Merchant, Bribe Branch, Renounce Religion


You were in the Dungeon.
You worshipped Gozag.
Gozag was aware of your devotion.
You were not hungry.

You visited 1 branch You collected 333 gold pieces.

Inventory:

Armour
 a - a +0 robe (worn)
 b - a +0 hat (worn)
 o - a +0 cloak (worn)
Magical Staves
 n - an uncursed staff of energy
Jewellery
 p - a +2 ring of protection (left claw)
 q - a +3 ring of strength (right claw)
Wands
 m - a wand of iceblast (9)
Scrolls
 j - 2 scrolls of blinking
 k - 3 scrolls of remove curse
 l - 2 scrolls of amnesia
Potions
 e - 5 potions of curing
 f - 3 potions of heal wounds
 g - a potion of haste
 h - 4 potions of magic
 i - a potion of invisibility
Books
 c - a book of Minor Magic

   Spells                             Type                      Level
   a - Magic Dart                     Conjuration                  1
   b - Blink                          Translocation                2
   c - Call Imp                       Summoning                    2
   d - Slow                           Hexes                        2
   e - Conjure Flame                  Conjuration/Fire             3
   f - Mephitic Cloud                 Conjuration/Poison/Air       3
Comestibles
 d - 2 rations


   Skills:
 - Level 2.9 Fighting
 - Level 3.1 Dodging
 - Level 1.0 Stealth
 * Level 10.3 Unarmed Combat
 + Level 3.6 Spellcasting
 + Level 4.4 Conjurations
   Level 0.6 Summonings
 + Level 3.7 Translocations
 + Level 3.5 Fire Magic
 + Level 3.2 Air Magic
 + Level 3.5 Poison Magic


You had 4 spell levels left.
You knew the following spells:

 Your Spells              Type           Power        Failure   Level  Hunger
a - Magic Dart            Conj           ###.         2%          1    None
b - Blink                 Tloc           N/A          5%          2    ##.....
c - Conjure Flame         Conj/Fire      ###.....     10%         3    ###....
e - Mephitic Cloud        Conj/Pois/Air  ##......     12%         3    ###....


Dungeon Overview and Level Annotations

Branches:
Dungeon (1/1)

Altars:
Cheibriados
Dithmenos
Elyvilon
Fedhas
Gozag
Hepliaklqana
Kikubaaqudgha
Makhleb
Nemelex Xobeh
Okawaru
Qazlal
Ru
Sif Muna
Trog
Uskayaw
Vehumet
Wu Jian
Xom
Yredelemnul
Zin
The Shining One
Beogh
Jiyva
Lugonu


Innate Abilities, Weirdness & Mutations

You are too large for most types of armour.
You have claws for hands.
Your metabolism is lightning-fast.
You like to eat raw meat.
Your natural rate of healing is unusually fast.
You are covered in fur. (AC +1)
You have very tough skin. (AC +2)


Message History

The vampire mosquito appears unharmed.
The cyclops is engulfed in noxious fumes.
The cyclops throws a large rock.
The large rock hits you!
* * * LOW HITPOINT WARNING * * *
Unknown command.
Unknown command.
Unknown command.
Unknown command.
Casting: Mephitic Cloud
Confirm with . or Enter, or press ? or * to list all spells.
Aiming: Mephitic Cloud
Press: ? - help, Shift-Dir - straight line, f/p - cyclops
Aim: a cyclops (lightly wounded)
You miscast Mephitic Cloud.
You are very lightly contaminated with residual magic.
You feel weak for a moment.
The cyclops throws a large rock.
The large rock hits you!!
Ouch! That really hurt!
You die...
Your body crumbles into a pile of gold. $$$$$ $ $ $ $$$$$ $ $ ▓▓▓▓▓▓▓▓▓▓▓▓▓▓▓▓▓▓▓▓▓▓▓▓ '...)[.[..'.(...@$.CycYc ▓▓▓▓▓▓▓▓▓▓▓▓▓▓▓▓▓▓▓▓▓▓▓▓

You could see 2 centaur warriors, a cyclops, a vampire mosquito and a sky beast.

Vanquished Creatures
  A manticore (D)
  A hungry ghost (D)
  A black bear (D)
  A necrophage (D)
  A centaur (D)
  A scorpion (D)
  A howler monkey (D)
  A worker ant (D)
  A shadow imp (D)
  An orc (D)
  2 hobgoblins (D)
  A quokka (D)
  2 frilled lizards (D)
  A jackal skeleton (D)
  A kobold (D)
17 creatures vanquished.

Notes
Turn   | Place    | Note
-------+----------+-------------------------------------------
     0 | D        | letownia2 the Troll Wizard began the quest for the Orb.
     0 | D        | Reached XP level 1. HP: 16/16 MP: 2/2
     5 | D        | Reached skill level 1 in Unarmed Combat
     6 | D        | Reached skill level 1 in Fighting
     6 | D        | Reached skill level 2 in Unarmed Combat
    28 | D        | Noticed a scorpion
    28 | D        | Noticed a centaur
    28 | D        | Noticed a worker ant
    37 | D        | Killed a scorpion
    37 | D        | Reached skill level 5 in Unarmed Combat
    37 | D        | Reached XP level 2. HP: 27/27 MP: 3/5
    37 | D        | Reached XP level 3. HP: 33/33 MP: 3/6
    39 | D        | Killed a centaur
    39 | D        | Reached skill level 7 in Unarmed Combat
    39 | D        | Reached XP level 4. HP: 28/44 MP: 3/7
    45 | D        | Reached XP level 5. HP: 31/52 MP: 3/8
    58 | D        | Learned a level 3 spell: Mephitic Cloud
    62 | D        | Learned a level 3 spell: Conjure Flame
    65 | D        | Learned a level 2 spell: Blink
   118 | D        | Found a roughly hewn altar of Beogh.
   118 | D        | Found a snail-covered altar of Cheibriados.
   118 | D        | Found a shadowy altar of Dithmenos.
   118 | D        | Found a white marble altar of Elyvilon.
   118 | D        | Found a blossoming altar of Fedhas.
   118 | D        | Found an opulent altar of Gozag.
   119 | D        | Found a hazy altar of Hepliaklqana.
   120 | D        | Found a viscous altar of Jiyva.
   121 | D        | Found an ancient bone altar of Kikubaaqudgha.
   122 | D        | Found a corrupted altar of Lugonu.
   123 | D        | Found a burning altar of Makhleb.
   124 | D        | Found a sparkling altar of Nemelex Xobeh.
   125 | D        | Found an iron altar of Okawaru.
   126 | D        | Found a stormy altar of Qazlal.
   128 | D        | Became a worshipper of Gozag Ym Sagoz the Greedy
   130 | D        | Found a sacrificial altar of Ru.
   131 | D        | Found a deep blue altar of Sif Muna.
   132 | D        | Found a bloodstained altar of Trog.
   133 | D        | Found a hide-covered altar of Uskayaw.
   134 | D        | Found a radiant altar of Vehumet.
   135 | D        | Found an ornate altar of the Wu Jian Council.
   136 | D        | Found a shimmering altar of Xom.
   137 | D        | Found a basalt altar of Yredelemnul.
   138 | D        | Found a glowing silver altar of Zin.
   139 | D        | Found a glowing golden altar of the Shining One.
   172 | D        | Noticed a necrophage
   172 | D        | Noticed a black bear
   172 | D        | Noticed a hungry ghost
   184 | D        | Reached skill level 8 in Unarmed Combat
   184 | D        | Reached skill level 1 in Translocations
   184 | D        | Reached skill level 1 in Fire Magic
   184 | D        | Reached skill level 1 in Poison Magic
   191 | D        | Killed a necrophage
   191 | D        | Reached skill level 1 in Air Magic
   191 | D        | Reached XP level 6. HP: 59/59 MP: 0/9
   194 | D        | Reached skill level 9 in Unarmed Combat
   199 | D        | Killed a hungry ghost
   270 | D        | Noticed a manticore
   270 | D        | Noticed a cyclops
   270 | D        | Noticed a vampire mosquito
   270 | D        | Noticed a centaur warrior
   270 | D        | Noticed a sky beast
   270 | D        | Noticed a centaur warrior
   278 | D        | Killed a manticore
   278 | D        | Reached skill level 10 in Unarmed Combat
   278 | D        | Reached XP level 7. HP: 25/66 MP: 6/11
   281 | D        | Hit by a large rock thrown by a cyclops

Skill      XL: |  1  2  3  4  5  6 |
---------------+-------------------+-----
Unarmed Combat | 5 7 8 10 | 10.3
Fighting       | 1 2 |  2.9
Spellcasting   | 3 |  3.6
Dodging        | 2 3 |  3.1
Conjurations   | 2 3 4 |  4.4
Translocations | 2 3 |  3.7
Fire Magic     | 1 3 |  3.5
Poison Magic   | 1 3 |  3.5
Air Magic      | 1 3 |  3.2
Stealth        | |  1.0
Summonings     | |  0.6

Action                   |  1- 3 |  4- 6 |  7- 9 || total
-------------------------+-------+-------+-------++-------
Melee: Unarmed           |    19 |    31 |       ||    50
       Punch             |       |     1 |       ||     1
 Cast: Mephitic Cloud    |       |     2 |     1 ||     3
Evoke: Wand              |       |     1 |       ||     1
  Use: Potion            |     1 |       |       ||     1
  Eat: Chunk             |     4 |     2 |       ||     6
Armor: Robe              |     2 |     5 |       ||     7
Dodge: Dodged            |     6 |     9 |     1 ||    16
